Map: Site Delta LE

Players

LiquidMaNa (MaNa) - Winner!

  • Race: Protoss Protoss
  • League: Grandmaster
  • Spawn Location: 5:00

VITRyung (Ryung)

  • Race: Terran Terran
  • Spawn Location: 11:00

Event: HomeStory Cup XXV

VOD

Have the link to the VOD?

Description

Time

  • Played on: June 21, 2024, 9:20 a.m.
  • Length: 11:13

All games in this series

Show
View Real Time Build Order
Export as new Build Order

LiquidMaNa Protoss - Winner!

Build Orders: 1 Gate Expand, Oracle Opening, Phoenix Opening, Colossus Rush 

Get SALT Encoding   

  12  0:00  Probe  
  13  0:12  Probe  
  14  0:16  Pylon  
  14  0:24  Probe (Chrono Boost)  
  16  0:36  Gateway, Probe (Chrono Boost)  
  16  0:43  Probe (Chrono Boost)  
  16  0:45  Assimilator  
  17  0:50  Probe  
  18  1:03  Probe  
  19  1:15  Probe  
  20  1:22  Cybernetics Core  
  20  1:35  Nexus  
  20  1:40  Pylon  
  20  1:43  Probe  
  21  1:54  Assimilator  
  21  1:55  Probe  
  21  1:56  Adept (Chrono Boost)  
  24  2:07  Probe  
  25  2:14  Stargate  
  24  2:19  Probe  
  24  2:20  Adept (Chrono Boost)  
  25  2:29  Warp Gate  
  27  2:31  Probe  
  28  2:43  Stalker, Probe  
  31  2:51  Probe  
  32  2:55  Probe  
  33  3:03  Oracle (Chrono Boost), Probe  
  34  3:07  Probe  
  38  3:15  Probe  
  38  3:16  Shield Battery  
  38  3:19  Probe  
  40  3:27  Probe  
  40  3:30  Gateway  
  40  3:32  Probe  
  42  3:37  Phoenix (Chrono Boost)  
  42  3:39  Probe  
  45  3:44  Probe  
  45  3:45  Pylon  
  46  3:50  Robotics Facility  
  46  3:55  Assimilator  
  46  3:58  Assimilator  
  46  4:03  Phoenix  
  46  4:09  Probe x2  
  50  4:14  Pylon  
  50  4:18  Stalker  
  50  4:23  Probe x2  
  54  4:32  Phoenix  
  54  4:35  Probe  
  57  4:45  Stalker x2  
  61  4:51  Observer  
  61  4:52  Pylon  
  62  5:03  Pylon  
  62  5:10  Probe x2 (Chrono Boost), Phoenix, Robotics Bay  
  62  5:13  Immortal (Chrono Boost)  
  72  5:21  Probe x2 (Chrono Boost)  
  72  5:25  Pylon  
  72  5:26  Sentry  
  72  5:27  Probe  
  74  5:30  Pylon  
  74  5:33  Observer  
  74  5:34  Probe  
  76  5:39  Probe  
  77  5:43  Phoenix  
  77  5:48  Pylon  
  79  5:53  Colossus (Chrono Boost)  
  79  5:54  Probe x2  
  87  6:05  Nexus  
  87  6:10  Extended Thermal Lance  
  87  6:13  Probe (Chrono Boost)  
  87  6:15  Probe (Chrono Boost)  
  88  6:24  Probe (Chrono Boost)  
  90  6:26  Phoenix  
  90  6:28  Twilight Council, Probe (Chrono Boost)  
  90  6:30  Probe (Chrono Boost)  
  93  6:36  Probe  
  95  6:40  Pylon  
  95  6:41  Colossus (Chrono Boost)  
  101  6:53  Gateway x2  
  100  6:57  Gateway  
  100  7:03  Probe x2  
  100  7:05  Shield Battery  
  100  7:08  Charge  
  102  7:14  Zealot x2  
  106  7:16  Shield Battery  
  106  7:17  Probe x2  
  106  7:18  Probe  
  109  7:29  Probe x2  
  111  7:30  Probe  
  111  7:31  Phoenix  
  112  7:37  Zealot x2  
  112  7:42  Colossus  
  120  7:48  Stalker x2  
  121  7:53  Probe x2  
  117  8:06  Zealot x3  
  117  8:12  Phoenix  
  119  8:15  Zealot x2, Probe x2  
  120  8:30  Zealot x3  
  118  8:42  Probe  
  118  8:45  Phoenix  
  119  8:48  Zealot x2  
  119  8:51  Zealot  
  123  9:03  Sentry  
  123  9:05  Pylon  
  123  9:08  Pylon  
  123  9:09  Pylon  
  125  9:20  Colossus (Chrono Boost)  
  131  9:25  Zealot  
  131  9:27  Zealot x4  
  131  9:28  Phoenix, Pylon  
  135  9:35  Nexus  
  131  9:38  Probe x2  
  131  9:40  Pylon  
  131  9:42  Forge  
  133  9:48  Stalker x5  
  143  9:55  Robotics Facility, Phoenix  
  145  10:08  Colossus  
  145  10:14  Zealot x5  
  151  10:27  Phoenix  
  139  10:37  Zealot x5  
  137  10:57  Stalker x5  
  137  10:58  Probe  
Show
View Real Time Build Order
Export as new Build Order

VITRyung Terran 

Build Orders: Cyclone Opening 

Get SALT Encoding   

  12  0:00  SCV  
  13  0:12  SCV  
  14  0:17  Supply Depot  
  14  0:24  SCV  
  15  0:38  SCV  
  15  0:39  Barracks  
  15  0:42  Refinery  
  16  0:51  SCV  
  16  0:52  Refinery  
  17  1:03  SCV  
  18  1:15  SCV  
  19  1:27  Orbital Command  
  19  1:32  Supply Depot  
  19  1:35  Factory  
  19  1:44  Reaper  
  20  1:53  SCV  
  21  2:05  SCV  
  22  2:17  Barracks Reactor  
  22  2:19  Command Center  
  22  2:20  SCV  
  23  2:30  Starport  
  23  2:33  SCV  
  23  2:35  Widow Mine  
  26  2:45  SCV  
  27  2:52  Supply Depot  
  27  2:56  Cyclone  
  27  2:57  SCV  
  30  3:02  Marine  
  31  3:14  SCV, Marine, Viking  
  35  3:20  Marine  
  35  3:26  SCV  
  37  3:28  Cyclone  
  37  3:32  Marine  
  40  3:38  SCV  
  41  3:44  Liberator  
  41  3:47  Orbital Command  
  44  3:50  SCV  
  44  3:54  Supply Depot  
  45  3:56  Marine  
  45  3:57  Marine  
  48  4:02  SCV  
  48  4:07  Cyclone  
  50  4:12  SCV  
  50  4:14  SCV  
  52  4:18  Marine, Barracks  
  52  4:20  Marine  
  51  4:31  SCV x2  
  51  4:43  SCV x2  
  53  4:49  Barracks, Factory Tech Lab  
  53  4:52  Starport Tech Lab  
  53  4:55  SCV x2  
  55  5:04  Engineering Bay  
  55  5:07  SCV  
  55  5:08  SCV  
  55  5:10  Supply Depot  
  57  5:20  SCV x2  
  59  5:25  Supply Depot  
  59  5:32  Supply Depot, SCV x2  
  59  5:33  Terran Infantry Weapons Level 1, Stimpack  
  59  5:34  Starport Reactor  
  61  5:39  Factory Reactor  
  61  5:43  Supply Depot  
  61  5:44  SCV x2, Refinery  
  61  5:47  Marauder  
  61  5:48  Marine x2  
  61  5:49  Combat Shield  
  68  5:50  Marauder, Bunker  
  68  5:56  SCV x2  
  68  6:07  Command Center  
  68  6:08  SCV x2  
  70  6:14  Marauder  
  70  6:15  Marine, Marauder  
  70  6:16  Marine  
  76  6:21  Medivac  
  76  6:24  Refinery  
  78  6:25  Medivac  
  78  6:26  SCV  
  78  6:29  SCV  
  82  6:34  Supply Depot  
  82  6:36  Supply Depot  
  82  6:37  Widow Mine  
  82  6:39  Widow Mine  
  86  6:44  SCV, Missile Turret  
  86  6:46  SCV  
  88  6:49  Missile Turret  
  88  6:54  Marauder  
  90  6:57  Marauder, Medivac  
  90  7:00  Medivac  
  96  7:03  SCV x2  
  98  7:10  Marine x2  
  98  7:13  Supply Depot  
  98  7:14  Supply Depot  
  98  7:15  SCV x2  
  102  7:26  Marine x2  
  99  7:36  Marine x2  
  97  7:38  Widow Mine x2  
  97  7:42  Viking x2  
  97  7:43  SCV x2  
  107  7:44  Marauder x2  
  111  7:54  Barracks  
  111  7:55  SCV  
  111  7:57  Barracks  
  111  7:58  SCV  
  110  8:01  Marine  
  105  8:06  Marauder  
  105  8:12  Viking x2  
  98  8:20  Ghost Academy  
  98  8:22  SCV x2  
  98  8:32  Marine x2  
  98  8:33  Marauder x2  
  98  8:34  SCV x2  
  97  8:42  Viking  
  97  8:44  Viking  
  97  8:46  SCV  
  99  8:49  Marine  
  99  8:50  Marine  
  99  8:54  Marauder  
  103  8:59  SCV  
  103  9:00  SCV  
  103  9:01  Marine x2  
  103  9:02  Marauder  
  107  9:12  Viking  
  107  9:14  Viking  
  108  9:20  Marine, Marauder  
  108  9:22  Marine x2  
  112  9:24  Marine  
  112  9:36  Ghost  
  111  9:40  Ghost  
  111  9:42  Viking  
  111  9:44  Marine x2  
  118  9:46  Barracks Tech Lab  
  118  9:50  Concussive Shells, Barracks Reactor  
  117  9:53  Viking  
  119  10:05  Ghost  
  121  10:07  Marine, Marauder  
  121  10:09  Marine  
  121  10:10  Marauder  
  121  10:27  Medivac x2  
  118  10:29  Marine x4  
  118  10:32  SCV x2  
  124  10:36  Marauder x2  
  124  10:39  Marauder  
Tags
 
Add a new tag
Caveats
  • Supply blocks, unpowered buildings, or Contaminate may cause inaccurate times.
  • Supply counts are checked every 10 seconds.